 Dungeon Crawl Stone Soup version 0.30.1 (webtiles) character file.

Game seed: 10364211698773624704

16220 Graphine the Covert (level 12, -1/72 HPs)
             Began as a Kobold Brigand on July 4, 2023.
             Was an Initiate of Gozag.
             Slain by a red ugly thing (5 damage)
             ... on level 14 of the Dungeon.
             The game lasted 00:34:33 (16300 turns).

Graphine the Covert (Kobold Brigand)               Turns: 16300, Time: 00:34:33

Health: -1/72      AC:  4    Str:  9    XL:     12   Next: 67%
Magic:  0/29       EV: 23    Int: 12    God:    Gozag
Gold:   2298       SH:  0    Dex: 21    Spells: 22/22 levels left

rFire   + . .        f - +2 dagger (venom)
rCold   . . .        (no shield)
rNeg    . . .        b - +0 robe
rPois   .            t - +0 helmet
rElec   .            c - +0 cloak
rCorr   +            (no gloves)
SInv    .            (no boots)
Will    .....        x - amulet of Starshine {Spirit rCorr}
Stlth   +++++++      r - ring of protection from fire
HPRegen 0.32/turn    a - ring of magical power
MPRegen 0.21/turn

%: guardian spirit
@: gold aura, studying Shields
A: small, no large weapons, nightstalker 3
a: Renounce Religion, Potion Petition, Call Merchant, Bribe Branch


You were on level 14 of the Dungeon.
You worshipped Gozag.
Gozag was most pleased with you.
You visited 2 branches of the dungeon, and saw 15 of its levels.
You also visited: Ossuary.

You collected 2400 gold pieces.
You paid 102 gold pieces to Gozag.

Inventory:

Hand Weapons
 f - a +2 dagger of venom (weapon)
 v - a +0 rapier
 J - the +5 quarterstaff "Guppoosch" {heavy, rPois rF++ Int+4 Dex+3}
   (You took it off a kobold demonologist on level 10 of the Dungeon)

   Int:       It affects your intelligence (+4).
   Dex:       It affects your dexterity (+3).
   rF:        It greatly protects you from fire.
   rPois:     It protects you from poison.
Missiles
 e - 5 curare-tipped darts
 o - an atropa-tipped dart
 K - 3 poisoned darts
Armour
 b - a +0 robe (worn)
 c - a +0 cloak (worn)
 t - a +0 helmet (worn)
Jewellery
 a - a ring of magical power (right hand)
 m - a ring of ice
 r - a ring of protection from fire (left hand)
 x - the amulet of Starshine (around neck) {Spirit rCorr}
   (You acquired it on level 4 of the Dungeon)

   [amulet of guardian spirit]

   It causes incoming damage to be divided between your reserves of health and
   magic.
   rCorr:     It protects you from acid and corrosion.
 D - a ring of wizardry
 E - a +6 ring of intelligence
 G - a ring of protection from fire
Wands
 p - a wand of charming (5)
 A - a wand of digging (5)
Scrolls
 g - 2 scrolls of teleportation
 i - a scroll of magic mapping
 n - a scroll of amnesia
 C - 2 scrolls of butterflies
 H - 2 scrolls of fear
Potions
 d - a potion of invisibility {unknown}
 h - 2 potions of haste
 j - a potion of curing
 l - 2 potions of magic
 q - 4 potions of brilliance
 u - a potion of cancellation {unknown}
 w - 4 potions of might
 z - a potion of flight {unknown}
 B - 2 potions of attraction
 F - 3 potions of mutation {unknown}
Miscellaneous
 k - a phantom mirror (inert)
 y - a lightning rod (1/4)


   Skills:
 + Level 7.2 Fighting
 * Level 12.0 Short Blades
 - Level 2.1 Throwing
 * Level 10.8 Dodging
 * Level 13.7 Stealth
 + Level 5.8 Spellcasting
 * Level 10.7 Evocations


You had 22 spell levels left.
You didn't know any spells.
Your spell library contained the following spells:

 Spells                   Type           Power      Damage    Failure   Level
 Kiss of Death            Conj/Necr      12%        2d6       19%         1
 Magic Dart               Conj           12%        1d3       19%         1
 Slow                     Hex            12%        N/A       19%         1
 Call Imp                 Summ           6%         N/A       28%         2
 Searing Ray              Conj           6%         2d4       28%         2
 Call Canine Familiar     Summ           3%         N/A       50%         3
 Confusing Touch          Hex            3%         N/A       50%         3
 Inner Flame              Hex/Fire       3%         N/A       50%         3
 Mephitic Cloud           Conj/Pois/Air  3%         N/A       50%         3
 Portal Projectile        Hex/Tloc       6%         N/A       50%         3
 Stone Arrow              Conj/Erth      6%         3d7       50%         3
 Vampiric Draining        Necr           3%         2d6       50%         3
 Volatile Blastmotes      Fire/Tloc      6%         2d10      50%         3
 Animate Armour           Summ/Erth      6%         N/A       88%         4
 Dispel Undead            Necr           3%         3d7       88%         4
 Flame Wave               Conj/Fire      3%         2d5       88%         4
 Fulminant Prism          Conj/Hex       1%         3d5       88%         4
 Iskenderun's Mystic Bla  Conj/Tloc      3%         2d3       88%         4
 Leda's Liquefaction      Hex/Erth       1%         N/A       88%         4
 Sticky Flame             Conj/Fire      3%         2d3       88%         4
 Lee's Rapid Deconstruct  Erth           1%         3d4*      99%         5
 Lehudib's Crystal Spear  Conj/Erth      1%         10d2      100%        8


Dungeon Overview and Level Annotations

Branches:
Dungeon (14/15)            Temple (1/1) D:5            Lair (0/5) D:10
    Orc (0/2) D:11        Ossuary (visited)
 Vaults: D:13-14

Altars:
Cheibriados
Dithmenos
Elyvilon
Fedhas
Gozag
Hepliaklqana
Kikubaaqudgha
Makhleb
Nemelex Xobeh
Okawaru
Qazlal
Ru
Sif Muna
Trog
Uskayaw
Vehumet
Wu Jian
Xom
Yredelemnul
Zin
The Shining One

Shops:
D:13 *

Annotations:
D:5 LaMa's ghost, novice DrIE


Innate Abilities, Weirdness & Mutations

You are small and have problems with some larger weapons.
You are completely attuned to the shadows.


Message History

The cyan ugly thing is almost dead.
The cyan ugly thing tail-slaps you! The cyan ugly thing shocks you!
* * * LOW HITPOINT WARNING * * *
Hit: f) +2 dagger (venom)
Press: ? - help, Dir - move target, f/p - cyan ugly thing
Aim: a cyan ugly thing (almost dead, extremely poisoned, about 26% to evade your +2 dagger of venom)
You closely miss the cyan ugly thing.
The cyan ugly thing is almost dead.
Unknown command.
Hit: f) +2 dagger (venom)
Press: ? - help, Dir - move target, f/p - cyan ugly thing
Aim: a cyan ugly thing (almost dead, extremely poisoned, about 26% to evade your +2 dagger of venom)
You hit the cyan ugly thing.
The cyan ugly thing looks as sick as possible!
The cyan ugly thing is almost dead.
The cyan ugly thing barely misses you.
Hit: f) +2 dagger (venom)
Press: ? - help, Dir - move target, f/p - cyan ugly thing
Aim: a cyan ugly thing (almost dead, extremely poisoned, about 26% to evade your +2 dagger of venom)
You hit the cyan ugly thing but do no damage.
The cyan ugly thing looks as sick as possible!
The cyan ugly thing is almost dead.
Hit: f) +2 dagger (venom)
Press: ? - help, Dir - move target, f/p - cyan ugly thing
Aim: a cyan ugly thing (almost dead, extremely poisoned, about 26% to evade your +2 dagger of venom)
You hit the cyan ugly thing.
You kill the cyan ugly thing!
Your lightning rod (1/4) has regained one charge.
The red ugly thing is no longer blind.
The red ugly thing attacks as you move away!
The red ugly thing trunk-slaps you.
* * * LOW HITPOINT WARNING * * *
You are engulfed in flames.
You resist.
* * * LOW HITPOINT WARNING * * *
The red ugly thing attacks as you move away!
The red ugly thing trunk-slaps you!
* * * LOW HITPOINT WARNING * * *
You are engulfed in flames.
You resist.
You die...
Your body crumbles into a pile of gold.

.......#
.......#
.......#
.......#
######(#
#u# #.#
#####u#
....@.#
#######


You could see 2 ugly things.

Vanquished Creatures
  Erolcha (D:13)
  3 two-headed ogres
  Sonja (D:11)
  The ghost of ripuliukko the Thaumaturge, a novice DEEE of Vehumet (D:10)
  5 ugly things
  A manticore (D:13)
  A gargoyle (D:12)
  The ghost of Graphine the Trooper, a novice DsMo (D:5)
  An unseen horror (D:12)
  2 kobold demonologists
  A komodo dragon (D:12)
  An efreet (D:12)
  The ghost of Peloso the Covered, an amateur MiFi (D:5)
  A troll (D:12)
  A shadow (D:12)
  A water elemental (D:11)
  A vampire (D:12)
  8 yaks (D:10)
  A wyvern (D:10)
  7 wraiths
  A steam dragon (D:9)
  2 vampire mosquitoes (D:13)
  3 water moccasins
  An ice beast (D:7)
  6 orc warriors
  A sky beast (D:7)
  2 black bears
  2 centaurs
  4 phantoms
  A kobold brigand (D:8)
  Blork the orc (D:4)
  2 bullfrogs
  A scorpion (D:6)
  8 wights (D:8)
  4 killer bees (D:9)
  4 howler monkeys
  4 electric eels (D:11)
  A crimson imp (D:5)
  2 gnoll boudas
  A hound (D:7)
  7 orc priests
  4 iguanas
  15 orc wizards
  A sleepcap (D:7)
  2 mummies
  8 gnolls
  8 adders
  A shadow imp (D:6)
  3 white imps
  An ufetubus (D:6)
  3 worms
  2 dart slugs
  37 orcs
  7 endoplasms
  9 giant cockroaches
  8 goblins
  5 hobgoblins
  7 kobolds
  A quokka (D:3)
  5 ball pythons
  4 bats
  3 frilled lizards
  3 gnoll skeletons (Ossuary)
  4 kobold skeletons (Ossuary)
  18 orc skeletons (Ossuary)
  6 rats
263 creatures vanquished.

Vanquished Creatures (collateral kills)
  A salamander (shapeshifter) (D:13)
  A vampire mosquito (D:13)
  An acid dragon (D:11)
  2 orc warriors (D:11)
  A centaur (D:9)
  2 orc priests (D:9)
  2 orc wizards (D:11)
  7 orcs (D:11)
17 creatures vanquished.

Vanquished Creatures (others)
  An ugly thing (D:14)
  A shadow (D:11)
2 creatures vanquished.

Grand Total: 282 creatures vanquished

Notes
Turn   | Place    | Note
-------+----------+-------------------------------------------
     0 | D:1      | Graphine the Kobold Brigand began the quest for the Orb.
     0 | D:1      | Reached XP level 1. HP: 12/12 MP: 1/1
    97 | D:1      | Reached XP level 2. HP: 17/17 MP: 2/2
   620 | D:2      | Reached skill level 1 in Evocations
   620 | D:2      | Reached XP level 3. HP: 22/22 MP: 3/3
   802 | D:2      | Reached XP level 4. HP: 20/27 MP: 4/4
  1401 | D:3      | Noticed a black bear
  1408 | D:3      | Reached skill level 6 in Stealth
  1414 | D:3      | Killed a black bear
  1415 | D:3      | Reached XP level 5. HP: 19/31 MP: 5/5
  1559 | D:3      | Found a faded altar of an unknown god.
  1565 | D:3      | Found a snail-covered altar of Cheibriados.
  1683 | D:3      | Reached XP level 6. HP: 32/36 MP: 6/6
  1784 | D:3      | Found a faded altar of an unknown god.
  2777 | D:4      | Noticed Blork the orc
  2783 | D:4      | Killed Blork the orc
  2784 | D:4      | Reached skill level 5 in Short Blades
  2784 | D:4      | Reached XP level 7. HP: 38/41 MP: 7/7
  3089 | D:4      | Identified a scroll of acquirement
  3089 | D:4      | Acquired the amulet of Starshine {Spirit rCorr}
  3098 | D:5      | Entered Level 5 of the Dungeon
  3176 | D:5      | Found a staircase to the Ecumenical Temple.
  3248 | Temple   | Entered the Ecumenical Temple
  3286 | Temple   | Became a worshipper of Gozag Ym Sagoz the Greedy
  3558 | D:5      | Reached skill level 7 in Stealth
  3708 | D:5      | Found a runed translucent gate.
  3708 | D:5      | Found a runed translucent gate.
  3708 | D:5      | Found a runed translucent gate.
  3766 | D:5      | Found a radiant altar of Vehumet.
  3766 | D:5      | Found a burning altar of Makhleb.
  4030 | D:5      | Noticed Graphine's ghost (novice DsMo)
  4030 | D:5      | Noticed Peloso's ghost (amateur MiFi)
  4031 | D:5      | Noticed LaMa's ghost (novice DrIE)
  4036 | D:5      | Killed Graphine's ghost
  4037 | D:5      | Reached skill level 1 in Spellcasting
  4037 | D:5      | Reached XP level 8. HP: 48/48 MP: 8/10
  4506 | D:5      | Killed Peloso's ghost
  4507 | D:5      | Reached skill level 5 in Dodging
  4507 | D:5      | Reached skill level 8 in Stealth
  4732 | D:6      | Reached skill level 5 in Evocations
  5099 | D:6      | Reached XP level 9. HP: 20/52 MP: 4/12
  6099 | D:6      | Found a bloodstained altar of Trog.
  6701 | D:7      | Found a glowing golden altar of the Shining One.
  7038 | D:7      | Reached skill level 9 in Stealth
  7048 | D:7      | Identified the +3 long sword "Dotineupe" {spect, Dex+3}
  8555 | D:8      | Reached XP level 10. HP: 10/58 MP: 7/14
  8561 | D:8      | Found a sand-covered staircase.
  8564 | D:8      | HP: 1/58 [mummy (6)]
  8600 | Ossuary  | Entered an ossuary
  8742 | Ossuary  | Reached skill level 5 in Fighting
  8742 | Ossuary  | Reached skill level 10 in Stealth
  9639 | D:8      | Noticed a two-headed ogre
  9641 | D:8      | Killed a two-headed ogre
 10396 | D:9      | Reached skill level 11 in Stealth
 10873 | D:9      | Found a shimmering altar of Xom.
 10874 | D:9      | Found a hazy altar of Hepliaklqana.
 10876 | D:9      | Noticed a spectral ugly thing
 11116 | D:10     | Entered Level 10 of the Dungeon
 11118 | D:10     | Found a staircase to the Lair.
 11207 | D:10     | Found a blossoming altar of Fedhas.
 11449 | D:10     | Reached XP level 11. HP: 42/64 MP: 11/17
 11809 | D:10     | Found a runed translucent door.
 11810 | D:10     | Noticed ripuliukko's ghost (novice DEEE)
 11815 | D:10     | Noticed a two-headed ogre
 11816 | D:10     | Identified the +5 quarterstaff "Guppoosch" {heavy, rPois
                  | rF++ Int+4 Dex+3}
 11819 | D:10     | Killed a two-headed ogre
 11820 | D:10     | Reached skill level 10 in Short Blades
 11998 | D:10     | Reached skill level 12 in Stealth
 12135 | D:10     | Found a sacrificial altar of Ru.
 12450 | D:11     | Noticed Sonja
 12486 | D:11     | Killed Sonja
 12768 | D:11     | Found an ornate altar of the Wu Jian Council.
 12891 | D:11     | Found a staircase to the Orcish Mines.
 13149 | D:11     | Reached skill level 5 in Spellcasting
 13433 | D:12     | Noticed a red ugly thing
 13438 | D:12     | Killed a red ugly thing
 13439 | D:12     | Reached XP level 12. HP: 41/71 MP: 10/19
 13590 | D:12     | Reached skill level 10 in Dodging
 14461 | D:10     | Killed ripuliukko's ghost
 14462 | D:10     | Reached skill level 13 in Stealth
 14462 | D:10     | Reached skill level 10 in Evocations
 14687 | D:13     | Found a shimmering altar of Xom.
 15007 | D:13     | Noticed a two-headed ogre
 15011 | D:13     | Killed a two-headed ogre
 15034 | D:13     | Noticed Erolcha
 15037 | D:13     | Killed Erolcha
 15037 | D:13     | Noticed a five-headed hydra
 15665 | D:13     | Found Ribaotz's General Store.
 16300 | D:14     | Slain by a red ugly thing

Illustrated notes

Levels and vault maps discovered:
D:1:      dpeg_arrival_tiny_j, layout_rooms, minmay_worlds_worst_comb
D:2:      wander_river, layout_rooms, minmay_misc_feat_rows
D:3:      layout_basic, nicolae_overflow_ecumenical_swirl,
          dreamdust_ecumenical_altar_angels_and_demons
D:4:      layout_loops_cross, corexii_mini_fake_secret_closet,
          minmay_tree_intersection, item_on_display_a, uniq_blork_the_orc
D:5:      layout_loops_cross, grunt_temple_overflow_lords_of_destruction,
          minmay_temple_entry_metal_lava, gammafunk_ghost_cemetery
D:6:      layout_layer_cave, mainiacjoe_overflow_brackets, serial_glass,
          glass_columns_a, glass_columns_b
D:7:      layout_loops_ring, mainiacjoe_overflow_chevrons, enter_bailey_4,
          minmay_manual_maat
D:8:      layout_loops_cross, gup_ossuary_entry_pyramid
D:9:      layout_long_grid, regret_index_temple_of_mockery
D:10:     layout_cave_pools, mainiacjoe_overflow_small_starburst,
          kennysheep_little_box, lair_entry_dummy, gammafunk_ghost_grave
D:11:     layout_basic, erik_orc_2, minmay_misc_feat_doors,
          hangedman_abyss_or_decor_lesser_grid, nzn_wu_jian_council_hall,
          uniq_sonja
D:12:     layout_loops_ring
D:13:     layout_long_grid, serial_shops, nicolae_shop_tiny_glass,
          xom_teletrap_fun, uniq_erolcha
D:14:     layout_long_grid, david_vaults_5, good_gods_temple_1,
          nicolae_uskayaw_murder_on_the_dancefloor, uniq_rupert
Temple:   cyrus_circular_temple

Skill      XL: |  1  2  3  4  5  6  7  8  9 10 11 12 |
---------------+-------------------------------------+-----
Short Blades   | 3 4 5 6 8 9 11 12 | 12.0
Evocations     | 1 2 3 4 5 6 8 9 10 | 10.7
Dodging        | 2 3 4 5 7 8 9 10 | 10.8
Stealth        | 6 7 8 9 11 12 13 | 13.7
Fighting       | 3 4 5 6 7 |  7.2
Spellcasting   | 1 2 3 4 5 |  5.8
Throwing       | |  2.1

Action                     |  1- 3 |  4- 6 |  7- 9 | 10-12 || total
---------------------------+-------+-------+-------+-------++-------
  Melee: Dagger            |    48 |   124 |    23 |   473 ||   668
         Punch             |       |     3 |     7 |    15 ||    25
         Rapier            |       |       |   336 |   183 ||   519
  Throw: Boomerang         |     8 |    14 |    11 |       ||    33
         Dart              |       |    10 |     3 |    16 ||    29
         Throwing net      |       |       |     3 |     1 ||     4
  Evoke: Wand              |       |       |    37 |    51 ||    88
         Lightning rod     |       |       |       |     5 ||     5
         Phantom mirror    |       |       |       |     1 ||     1
    Use: Scroll            |     3 |     4 |     9 |    12 ||    28
         Potion            |       |       |     5 |    10 ||    15
   Stab: Sleeping          |    15 |    23 |    22 |    30 ||    90
         Invisible         |       |     2 |       |       ||     2
         Distracted        |       |       |     2 |     7 ||     9
         Held in net/web   |       |       |     2 |     1 ||     3
 Armour: Robe              |     3 |     8 |    32 |    48 ||    91
  Dodge: Dodged            |    20 |    73 |   233 |   367 ||   693
